 Dungeon Crawl Stone Soup version 0.30-a0-782-ge64f9170bb (webtiles) character file.

Game seed: 6551235421225404685

23593 Dartaoz the Basher (level 13, -5/75 HPs)
             Began as a Gargoyle Fighter on Feb 19, 2023.
             Was an Elder of Hepliaklqana.
             Killed from afar by an ironbound frostheart (9 damage)
             ... by creeping frost
             ... in an ice cave.
             The game lasted 00:41:07 (11293 turns).

Dartaoz the Basher (Gargoyle Fighter)              Turns: 11293, Time: 00:41:08

Health: -5/75      AC: 30    Str: 29    XL:     13   Next: 7%
Magic:  18/18      EV:  7    Int:  8    God:    Hepliaklqana [****..]
Gold:   620        SH:  7    Dex: 13    Spells: 12/12 levels left

rFire   x . .      SeeInvis .    D - +5 whip of Feheeh {flame, Str+3}
rCold   + + .      Faith    .    c - +0 buckler
rNeg    + . .      Spirit   .    P - +0 plate armour {rC+}
rPois   ∞          Reflect  .    r - +1 helmet
rElec   +          Harm     .    j - +0 cloak
rCorr   .          Rampage  .    y - +0 pair of gloves
Will    .....                    (no boots) Stlth
                                 B - amulet of regeneration
HPRegen 1.12/turn                G - ring of Ninnor {Ice Dex+4}
MPRegen 0.16/turn                (no ring)

@: frozen, very slow
A: reduced essence, sickness immunity, AC +9, negative energy resistance 1,
electricity resistance, torment resistance 1, petrification resistance
a: Renounce Religion, Recall Ancestor, Ancestor Identity, Transference, Idealise


You were in an ice cave.
You worshipped Hepliaklqana.
Hepliaklqana was greatly pleased with you.
You visited 1 branch of the dungeon, and saw 12 of its levels.
You also visited: Ossuary and Ice Cave.

You collected 830 gold pieces.
You spent 210 gold pieces at shops.

Inventory:

Hand Weapons
 a - a +0 flail
 D - the +5 whip of Feheeh (weapon) {flame, Str+3}
   (You found it on level 3 of the Dungeon)

   Str:       It affects your strength (+3).
 F - the +2 hammer of Luph {spect, rF+ Int+4}
   (You found it on level 5 of the Dungeon)

   Int:       It affects your intelligence (+4).
   rF:        It protects you from fire.
Missiles
 A - a throwing net (quivered)
Armour
 b - a +0 scale mail
 c - a +0 buckler (worn)
 i - a +0 plate armour
 j - a +0 cloak (worn)
 r - a +1 helmet (worn)
 y - a +0 pair of gloves (worn)
 I - a +0 tower shield
 P - a +0 plate armour of cold resistance (worn)
Jewellery
 B - an amulet of regeneration (around neck)
 G - the ring of Ninnor (left hand) {Ice Dex+4}
   (You found it on level 5 of the Dungeon)

   [ring of ice]

   It enhances your ice magic.
   Dex:       It affects your dexterity (+4).
   rF:        It makes you vulnerable to fire.
   rC:        It protects you from cold.
Wands
 s - a wand of polymorph (5)
 C - a wand of paralysis (5)
 E - a wand of mindburst (27)
 O - a wand of roots (17)
 R - a wand of digging (4)
 S - a wand of flame (16)
 T - a wand of light (11)
Scrolls
 e - 3 scrolls of enchant armour
 f - 2 scrolls of fear
 k - a scroll of immolation
 n - 5 scrolls of teleportation
 o - 4 scrolls of noise
 t - 2 scrolls of brand weapon
 u - 4 scrolls of enchant weapon
 H - 5 scrolls of fog
 J - 2 scrolls of poison
 M - 3 scrolls of magic mapping
 N - 2 scrolls of amnesia
 U - 3 scrolls of vulnerability {unknown}
 V - a scroll of torment {unknown}
Potions
 d - 8 potions of might
 g - 4 potions of attraction
 h - 5 potions of brilliance
 l - 3 potions of haste
 m - 5 potions of berserk rage
 q - 7 potions of mutation
 v - 8 potions of curing
 x - 6 potions of degeneration
 z - 3 potions of lignification
 K - 2 potions of cancellation
 L - a potion of invisibility


   Skills:
 + Level 11.1 Fighting
 + Level 12.0 Maces & Flails
 + Level 11.2 Armour
 + Level 11.2 Shields
 + Level 7.8 Invocations


You had 12 spell levels left.
You didn't know any spells.
Your spell library contained the following spells:

 Spells                   Type           Power      Damage    Failure   Level
 Apportation              Tloc           0%         N/A       98%         1
 Necrotise                Necr           0%         1d4       98%         1
 Summon Small Mammal      Summ           0%         N/A       98%         1
 Ensorcelled Hibernation  Hex/Ice        0%         N/A       99%         2
 Lesser Beckoning         Tloc           0%         N/A       99%         2
 Gell's Gravitas          Tloc           0%         N/A       100%        3
 Ignite Poison            Fire/Tmut/Pois 0%         N/A       100%        3
 Kindle Blastsparks       Fire/Tloc/Air  0%         2d10      100%        3
 Ozocubu's Armour         Ice            0%         N/A       100%        3
 Spider Form              Tmut/Pois      0%         N/A       100%        3
 Teleport Other           Tloc           0%         N/A       100%        3
 Vampiric Draining        Necr           0%         2d6       100%        3
 Anguish                  Hex/Necr       0%         N/A       100%        4
 Fulminant Prism          Conj/Hex       0%         3d5       100%        4
 Iskenderun's Mystic Bla  Conj/Tloc      0%         2d3       100%        4
 Agony                    Necr           0%         N/A       100%        5
 Alistair's Intoxication  Tmut/Pois      0%         N/A       100%        5
 Freezing Cloud           Conj/Ice/Air   0%         6-21      100%        5
 Lee's Rapid Deconstruct  Erth           0%         3d4*      100%        5
 Metabolic Englaciation   Hex/Ice        0%         N/A       100%        5
 Simulacrum               Ice/Necr       0%         N/A       100%        6


Dungeon Overview and Level Annotations

Branches:
Dungeon (12/15)            Temple (0/1) D:6            Lair (0/5) D:9
    Orc (0/2) D:9         Ossuary (visited)           IceCv (1/1)

Altars:
Hepliaklqana
Okawaru

Shops:
D:6 [?

Portals:
Trove: D:10 (give 8 scrolls of fog)

Annotations:
D:5 1 runed translucent door, Crazy Yiuf
D:12 3 runed translucent doors, svjljgwke's ghost, journeyman MiFi


Innate Abilities, Weirdness & Mutations

Your life essence is reduced to manifest your ancestor. (-10% HP)
You are immune to sickness and miasma.
Your stone body is resilient. (AC +9)
You are immune to poison.
You resist negative energy. (rN+)
You are resistant to electric shocks. (rElec)
You are resistant to unholy torment.
You are immune to petrification.


Message History

Your yak gores the death yak.
Your yak barely misses the death yak.
You whack the death yak! You burn the death yak.
The death yak is lightly wounded.
You hit the death yak but do no damage.
The death yak is lightly wounded.
The death yak gores you. You block the yak's attack.
The ironbound frostheart calls freezing cold from the walls.
The frost grips you! You resist. The frost grips your yak!!!
Your yak dies!
Your yak's corpse dissolves into shadows!
The frost grips your yak!!
Your yak dies!
Your yak's corpse dissolves into shadows!
You hit the death yak but do no damage.
The death yak is lightly wounded.
You hit the death yak. You burn the death yak.
The death yak is severely wounded.
The death yak gores you!!
* * * LOW HITPOINT WARNING * * *
The death yak barely misses you.
The ironbound frostheart calls freezing cold from the walls.
The frost grips you! You resist.
* * * LOW HITPOINT WARNING * * *
The frost grips your yak!! The frost grips your yak!!!
Your yak dies!
Your yak's corpse dissolves into shadows!
The frost grips your yak!!!
Your yak dies!
Your yak's corpse dissolves into shadows!
The yak closely misses you.
Your yak gores the death yak.
Okay, then.
Blink to where?
Press: ? - help, Dir - move target
As you read the scroll of blinking, it crumbles to dust.
The death yak gores your yak!!
Your yak dies!
Your yak's corpse dissolves into shadows!
The ironbound frostheart calls freezing cold from the walls.
The frost grips you! You resist.
You die...

###≈≈≈###~##
##≈≈≈≈≈#~†#
#≈≈≈≈≈≈†~##
#≈≈≈≈≈≈~†##
#≈≈≈≈≈≈≈#.#
##≈≈≈≈≈≈#.##
###≈≈≈≈≈≈##.#
##.##≈≈#≈≈##.#
##Y.Y@#≈##≈#..#
#.Y##....###..#
#pY###.#.###...#


..hYp #.### #...# ....hh# ##..###..## #..... #.###..## #....# ##.##.## #....
#.##..# ##..# ##.##.## You could see 2 death yaks, an ironbound frostheart and a
friendly yak (summoned).

Vanquished Creatures
  2 boulder beetles (D:12)
  2 two-headed ogres
  2 death yaks (IceCv)
  Lodul (D:12)
  Pikel (D:7)
  A cyclops (D:11)
  An ugly thing (D:12)
  A manticore (D:12)
  An ice statue (IceCv)
  Maggie (D:7)
  3 trolls
  7 polar bears (IceCv)
  Grinder (D:6)
  2 slime creatures (D:12)
  3 shadows (D:11)
  3 wraiths
  23 yaks
  A wyvern (D:7)
  2 humans (D:9)
  5 vampire mosquitoes
  Menkaure (D:4)
  A water moccasin (D:6)
  3 orc warriors
  2 sky beasts
  2 ice beasts
  7 ogres
  A black bear (D:6)
  14 wolves (IceCv)
  4 phantoms
  6 centaurs
  A kobold brigand (D:7)
  2 necrophages (D:6)
  A gnoll sergeant (D:5)
  4 scorpions
  2 bullfrogs
  2 troll zombies (D:9)
  8 killer bees
  4 electric eels (D:9)
  2 howler monkeys
  A human zombie (Ossuary)
  2 jellies
  3 orc priests
  3 hounds
  A gnoll bouda (D:7)
  Ijyb (D:3)
  2 iguanas
  9 orc wizards
  3 ogre zombies (D:9)
  2 hound zombies (Ossuary)
  5 mummies
  6 adders
  14 gnolls
  2 white imps
  An ufetubus (D:4)
  An adder zombie (Ossuary)
  A worm (D:3)
  29 orcs
  An endoplasm (D:1)
  2 giant cockroaches (D:1)
  3 gnoll zombies (Ossuary)
  4 goblins
  6 hobgoblins
  4 jackals
  A quokka (D:4)
  7 ball pythons
  2 bats
  A frilled lizard (D:1)
  5 goblin zombies
  2 hobgoblin skeletons (D:9)
  2 hobgoblin zombies
  8 kobolds
  2 kobold zombies (Ossuary)
  An orc skeleton (D:9)
  16 orc zombies (D:9)
  3 rats
286 creatures vanquished.

Vanquished Creatures (collateral kills)
  2 two-headed ogres (D:10)
  A komodo dragon (D:11)
  A polar bear (IceCv)
  2 hornets
  3 yaks
  Eustachio (D:6)
  A vampire mosquito (D:12)
  An ice beast (D:8)
  An orc warrior (D:10)
  3 wolves (IceCv)
  3 bullfrogs
  A troll zombie (D:9)
  A killer bee (D:10)
  An electric eel (D:9)
  A hound (D:6)
  2 orc priests
  An iguana (D:7)
  An orc wizard (D:9)
  2 ogre zombies (D:9)
  8 orcs
  A hobgoblin skeleton (D:9)
  An orc zombie (D:9)
39 creatures vanquished.

Vanquished Creatures (others)
  7 hexers
  An ancestor (D:7)
8 creatures vanquished.

Grand Total: 333 creatures vanquished

Notes
Turn   | Place    | Note
-------+----------+-------------------------------------------
     0 | D:1      | Dartaoz the Gargoyle Fighter began the quest for the Orb.
     0 | D:1      | Reached XP level 1. HP: 14/14 MP: 1/1
   165 | D:1      | Reached XP level 2. HP: 19/19 MP: 2/2
   698 | D:1      | Reached skill level 3 in Maces & Flails
  1193 | D:2      | Reached XP level 3. HP: 23/23 MP: 3/3
  1962 | D:3      | Noticed Ijyb
  1967 | D:3      | Killed Ijyb
  1968 | D:3      | Reached skill level 4 in Maces & Flails
  1968 | D:3      | Reached XP level 4. HP: 28/28 MP: 4/4
  2386 | D:3      | Found a hazy altar of Hepliaklqana.
  2518 | D:4      | Reached skill level 5 in Maces & Flails
  2518 | D:4      | Reached XP level 5. HP: 17/32 MP: 5/5
  2598 | D:4      | Noticed an orc warrior
  2646 | D:3      | Killed an orc warrior
  2647 | D:3      | Reached skill level 6 in Maces & Flails
  2647 | D:3      | Reached XP level 6. HP: 22/37 MP: 6/6
  2973 | D:4      | Reached skill level 7 in Maces & Flails
  3036 | D:4      | Reached XP level 7. HP: 23/41 MP: 7/7
  3191 | D:4      | Noticed Menkaure
  3196 | D:4      | Killed Menkaure
  3948 | D:3      | Identified the +5 whip of Feheeh {flame, Str+3}
  3956 | D:3      | Became a worshipper of Hepliaklqana the Forgotten
  4012 | D:5      | Entered Level 5 of the Dungeon
  4180 | D:5      | Identified the +2 hammer of Luph {spect, rF+ Int+4}
  4183 | D:5      | Found a runed translucent door.
  4184 | D:5      | Noticed Crazy Yiuf
  4271 | D:5      | Reached XP level 8. HP: 6/48 MP: 8/8
  4653 | D:5      | Identified the ring of Ninnor {Ice Dex+4}
  4708 | D:5      | Found a sand-covered staircase.
  4732 | Ossuary  | Entered an ossuary
  4850 | Ossuary  | Reached * piety under Hepliaklqana
  5089 | D:5      | Reached skill level 8 in Maces & Flails
  5089 | D:5      | Reached skill level 5 in Shields
  5302 | D:6      | Reached skill level 5 in Fighting
  5302 | D:6      | Reached skill level 5 in Armour
  5341 | D:6      | Noticed Eustachio
  5354 | D:6      | Killed Eustachio
  5435 | D:6      | Noticed Grinder
  5447 | D:6      | Killed Grinder
  5570 | D:6      | Reached XP level 9. HP: 45/49 MP: 9/9
  5648 | D:6      | Found Uryups's Magic Scroll Shoppe.
  5654 | D:6      | Found Jioryise's Armour Shop.
  5658 | D:6      | Bought a scroll of identify for 20 gold pieces
  5658 | D:6      | Bought a scroll of enchant armour for 75 gold pieces
  5658 | D:6      | Bought a scroll of enchant weapon for 75 gold pieces
  5658 | D:6      | Bought a scroll of identify for 20 gold pieces
  5658 | D:6      | Bought a scroll of identify for 20 gold pieces
  5782 | D:6      | Found a staircase to the Ecumenical Temple.
  5919 | D:7      | Noticed Maggie
  5949 | D:7      | Killed Maggie
  5950 | D:7      | Reached skill level 9 in Maces & Flails
  6174 | D:7      | Noticed Pikel
  6187 | D:7      | Killed Pikel
  6188 | D:7      | Reached XP level 10. HP: 54/56 MP: 10/10
  6416 | D:7      | Reached ** piety under Hepliaklqana
  6417 | D:7      | Remembered your ancestor Karagor as a hexer
  7402 | D:9      | Reached skill level 1 in Invocations
  7564 | D:9      | Reached skill level 10 in Maces & Flails
  7693 | D:9      | Found a staircase to the Orcish Mines.
  8165 | D:9      | Found an iron altar of Okawaru.
  8209 | D:9      | Found a staircase to the Lair.
  8288 | D:9      | Reached *** piety under Hepliaklqana
  8419 | D:10     | Entered Level 10 of the Dungeon
  8435 | D:10     | Noticed a two-headed ogre
  8444 | D:10     | Killed a two-headed ogre
  8445 | D:10     | Reached XP level 11. HP: 27/62 MP: 13/13
  8489 | D:10     | Noticed a two-headed ogre
  8501 | D:10     | Killed a two-headed ogre
  8570 | D:10     | Found a portal to a secret trove of treasure.
  8737 | D:10     | Noticed a two-headed ogre
  8747 | D:10     | Killed a two-headed ogre
  9148 | D:11     | Noticed a cyclops
  9148 | D:11     | Noticed a two-headed ogre
  9162 | D:11     | Killed a two-headed ogre
  9168 | D:11     | Killed a cyclops
  9169 | D:11     | Reached skill level 5 in Invocations
  9487 | D:11     | Reached **** piety under Hepliaklqana
  9495 | D:11     | Reached skill level 11 in Maces & Flails
  9793 | D:12     | Noticed a boulder beetle
  9840 | D:12     | Killed a boulder beetle
  9841 | D:12     | Reached XP level 12. HP: 69/69 MP: 16/16
  9944 | D:12     | Found a runed translucent gate.
  9945 | D:12     | Found a runed translucent gate.
  9954 | D:12     | Reached skill level 10 in Shields
  9954 | D:12     | Found a runed translucent gate.
  9955 | D:12     | Noticed svjljgwke's ghost (journeyman MiFi)
 10103 | D:12     | Reached skill level 10 in Armour
 10108 | D:12     | Reached skill level 10 in Fighting
 10398 | D:12     | Noticed Lodul
 10399 | D:12     | Noticed a boulder beetle
 10451 | D:12     | Killed a boulder beetle
 10460 | D:12     | Killed Lodul
 10477 | D:12     | Found a frozen archway.
 10551 | IceCv    | Entered an ice cave
 11176 | IceCv    | Noticed a death yak
 11176 | IceCv    | Noticed a death yak
 11186 | IceCv    | Killed a death yak
 11187 | IceCv    | Reached skill level 12 in Maces & Flails
 11187 | IceCv    | Reached XP level 13. HP: 75/75 MP: 18/18
 11292 | IceCv    | HP: 3/75 [ironbound frostheart/creeping frost (9)]
 11293 | IceCv    | Killed from afar by an ironbound frostheart

Illustrated notes

Levels and vault maps discovered:
D:1:      wander_arrival_peaceful_grave, layout_basic
D:2:      layout_basic
D:3:      layout_basic, nicolae_overflow_hidden_temple, uniq_ijyb
D:4:      layout_basic, kennysheep_generic_room_10, uniq_menkaure
D:5:      layout_basic, gup_ossuary_entry_pyramid, uniq_crazy_yiuf_cottage
D:6:      layout_basic, minmay_temple_entry_fiery, serial_shops, shop,
          nicolae_shop_waterfront, uniq_eustachio, uniq_grinder
D:7:      layout_basic, kennysheep_potato, uniq_maggie, uniq_pikel
D:8:      layout_gridville
D:9:      layout_basic, okawaru_humans, lair_entry_dummy, zombieorc2_lemuel
D:10:     layout_irregular_city, enter_trove_2
D:11:     layout_roguey
D:12:     layout_loops_cross, portal_ice_cave_entry_pillars_2,
          ebering_ghost_rock_garden, amcnicky_mini_rare_corridor_liquid,
          uniq_lodul
IceCv:    ice_cave_caverns_02

Skill      XL: |  1  2  3  4  5  6  7  8  9 10 11 12 |
---------------+-------------------------------------+-----
Maces & Flails | 3 4 5 6 7 8 9 10 11 12 | 12.0
Fighting       | 4 5 7 8 9 11 | 11.1
Armour         | 4 5 7 8 9 11 | 11.2
Shields        | 4 5 7 8 9 11 | 11.2
Invocations    | 3 5 7 |  7.8

Action                     |  1- 3 |  4- 6 |  7- 9 | 10-12 | 13-15 || total
---------------------------+-------+-------+-------+-------+-------++-------
  Melee: Flail             |    64 |   123 |    43 |       |       ||   230
         Unarmed           |     3 |       |       |       |       ||     3
         Whip              |       |       |   324 |   981 |    45 ||  1350
 Invoke: Ancestor Identity |       |       |     1 |     1 |       ||     2
         Ancestor Life: He |       |       |       |     1 |       ||     1
    Use: Potion            |       |       |     2 |     6 |     2 ||    10
         Scroll            |       |       |    15 |     5 |     2 ||    22
   Stab: Confused          |       |       |       |    10 |       ||    10
         Distracted        |       |       |       |     5 |       ||     5
 Armour: Scale mail        |     5 |       |       |       |       ||     5
         Plate armour      |    34 |    83 |   196 |   511 |    13 ||   837
         Skin              |     1 |       |       |       |       ||     1
  Dodge: Dodged            |    12 |    27 |    76 |   243 |    10 ||   368
  Block: Buckler           |    13 |    19 |    68 |   192 |     5 ||   297

Table legend: (Time is in decaauts)
 A = Elapsed time spent in this place.
 B = Non-inter-level travel time spent in this place.
 C = Inter-level travel time spent in this place.
 D = Time resting spent in this place.
 E = Time spent auto-exploring this place.
 F = Levels seen in this place.
 G = Mean time per level.
                   A        B        C        D        E       F      G
               +--------+--------+--------+--------+--------+-----+--------+
         Total |  10836 |  10398 |    438 |    131 |   8061 |  14 |  774.0 |
       Dungeon |  10065 |   9627 |    438 |    131 |   7616 |  12 |  838.8 |
       Ossuary |    180 |    180 |      0 |      0 |    107 |   1 |  180.0 |
      Ice Cave |    590 |    590 |      0 |      0 |    337 |   1 |  590.0 |
               +--------+--------+--------+--------+--------+-----+--------+

Top non-repeatable levels by time:
     D:4: 1388 daAuts
     D:1: 1113 daAuts
     D:5: 1040 daAuts
     D:9: 962 daAuts
     D:2: 851 daAuts
     D:7: 843 daAuts
    D:12: 726 daAuts
     D:3: 704 daAuts
    D:10: 646 daAuts
     D:6: 609 daAuts
    D:11: 598 daAuts
   IceCv: 590 daAuts
     D:8: 579 daAuts
 Ossuary: 180 daAuts
